 Dungeon Crawl Stone Soup version 0.25-a0-410-g53dbb631d1 (webtiles) character file.

Game seed: 12000390953409509714, levelgen mode: deterministic

34 MisterFreud the Skirmisher (level 3, 0/35 HPs)
             Began as a Gnoll Abyssal Knight on Jan 13, 2020.
             Was a Believer of Lugonu.
             Slain by a bat (1 damage)
             ... on level 1 of the Dungeon.
             The game lasted 00:01:43 (958 turns).

MisterFreud the Skirmisher (Gnoll Abyssal Knight)    Turns: 958, Time: 00:01:44

Health: 0/35       AC:  3    Str: 11 (14) XL:     3   Next: 31%
Magic:  6/6        EV: 12    Int: 18 (20) God:    Lugonu [**....]
Gold:   87         SH:  0    Dex: 13 (14) Spells: 3/3 levels left

rFire    . . .     SeeInvis .   a - +1 short sword
rCold    . . .     Gourm    .   (no shield)
rNeg     . . .     Faith    .   b - +0 leather armour
rPois    .         Spirit   .   (no helmet)
rElec    .         Reflect  .   (no cloak)
rCorr    .         Harm     .   (no gloves)
MR       .....                  (no boots)
Stlth    +.........             (no amulet)
HPRegen  0.11/turn              (no ring)
MPRegen  0.10/turn              (no ring)

@: brilliant
A: distributed training, fangs 1, strong nose
a: Depart the Abyss, Bend Space, Renounce Religion


You were on level 1 of the Dungeon.
You worshipped Lugonu.
Lugonu was pleased with you.
You were not hungry.

You visited 1 branch of the dungeon, and saw 2 of its levels.
You visited the Abyss 1 time.

You collected 87 gold pieces.

Inventory:

Hand Weapons
 a - a +1 short sword (weapon)
Missiles
 e - 10 poisoned darts (quivered)
 h - 26 stones
 m - 18 bolts
Armour
 b - a +0 leather armour (worn)
Jewellery
 g - an uncursed ring of fire
Scrolls
 f - a scroll of remove curse {unknown}
 j - a scroll of magic mapping {unknown}
 n - a scroll of fog {unknown}
 p - a scroll of enchant armour {unknown}
Potions
 k - a potion of curing {unknown}
 l - a potion of haste {unknown}
Comestibles
 c - 3 rations
 o - 2 chunks of flesh


   Skills:
 + Level 6.5 Fighting
 + Level 4.5 Short Blades
 + Level 0.7 Long Blades
 + Level 0.7 Axes
 + Level 0.7 Maces & Flails
 + Level 0.7 Polearms
 + Level 0.7 Staves
 + Level 0.7 Slings
 + Level 0.7 Bows
 + Level 0.7 Crossbows
 + Level 0.7 Throwing
 + Level 4.5 Armour
 + Level 2.6 Dodging
 + Level 0.7 Stealth
 + Level 0.7 Shields
 + Level 0.7 Unarmed Combat
 + Level 0.7 Spellcasting
 + Level 0.5 Conjurations
 + Level 0.5 Hexes
 + Level 0.5 Charms
 + Level 0.5 Summonings
 + Level 0.5 Necromancy
 + Level 0.5 Translocations
 + Level 0.5 Transmutations
 + Level 0.5 Fire Magic
 + Level 0.5 Ice Magic
 + Level 0.5 Air Magic
 + Level 0.5 Earth Magic
 + Level 0.5 Poison Magic
 + Level 4.5 Invocations
 + Level 0.7 Evocations


You had 3 spell levels left.
You didn't know any spells.
Your spell library was empty.

Dungeon Overview and Level Annotations

Branches:
Dungeon (2/15)

Altars:


Innate Abilities, Weirdness & Mutations

Your experience applies equally to all skills.
You have very sharp teeth.
Your uncanny sense of smell can sniff out nearby items.


Message History

* * * LOW HITPOINT WARNING * * *
The bat barely misses you. The bat hits you but does no damage.
The bat hits you.
* * * LOW HITPOINT WARNING * * *
The bat hits you.
* * * LOW HITPOINT WARNING * * *
The bat hits you.
* * * LOW HITPOINT WARNING * * *
The bat hits you.
* * * LOW HITPOINT WARNING * * *
The bat misses you.
Okay, then.
It was a potion of brilliance.
You feel clever all of a sudden. The bat barely misses you.
The bat hits you but does no damage.
It was a potion of degeneration.
There was something very wrong with that liquid.
You feel weakened.
You feel dopey.
You feel clumsy. The bat hits you but does no damage. The bat hits you.
You die...

...............#.#
###.##########.#.#
##############
###.##########.#.#
#.............
.............>.#.#
#.############
##..###........#.# #.#.#
#..##########.#.# #.#.#
#...............# #...#
#....#...############.##########
#....#...'.....@bgg.l...........
#....#...############.##########
#....#...## #.# ##.........# #g#
.#.######.## #.# .#.# #.### #g#
)#.######...# #.# ........'...#
#l# .#....###...# #.#


You could see a gnoll, a hobgoblin, a bat and a frilled lizard.

Vanquished Creatures
  A dart slug (D:1)
  A leopard gecko (D:1)
  6 bats (D:1)
  A giant cockroach (D:1)
  4 goblins (D:1)
  4 hobgoblins
  5 kobolds (D:1)
  2 frilled lizards (D:1)
  2 rats (D:1)
26 creatures vanquished.

Notes
Turn   | Place    | Note
-------+----------+-------------------------------------------
     0 | Abyss:1  | MisterFreud the Gnoll Abyssal Knight began the quest for
                  | the Orb.
     0 | Abyss:1  | Reached XP level 1. HP: 23/23 MP: 3/3
     8 | D:1      | Escaped the Abyss
   187 | D:1      | Reached XP level 2. HP: 20/29 MP: 5/5
   494 | D:1      | Reached XP level 3. HP: 31/35 MP: 6/6
   621 | D:1      | You fall into a shaft and drop 1 floor!
   647 | D:1      | Reached ** piety under Lugonu
   955 | D:1      | HP: 1/35 [bat (1)]
   958 | D:1      | Slain by a bat

Levels and vault maps discovered:
D:1:      minmay_arrival_four_houses, layout_basic
D:2:      layout_loops_ring, lemuel_blue_sif_altar,
          chequers_ecumenical_altar_simple, uniq_robin

Action                   || total
-------------------------++-------
Melee: Short sword       ||    78
       Bite              ||     6
  Use: Potion            ||     2
 Stab: Sleeping          ||     2
Armor: Leather armour    ||    38
Dodge: Dodged            ||    84

Table legend:
 A = Non-vault XP
 B = Vault XP
 C = Vault XP percentage of total XP
 D = Non-vault monster count
 E = Vault monster count
 F = Vault count percentage of total count
                 A         B        C        D         E       F
            +---------+---------+-------+---------+---------+-------
      Total |      49 |       0 |   0.0 |      26 |       0 |   0.0
            +---------+---------+-------+---------+---------+-------
        D:1 |      47 |       0 |   0.0 |      25 |       0 |   0.0
        D:2 |       2 |       0 |   0.0 |       1 |       0 |   0.0
            +---------+---------+-------+---------+---------+-------
